 Dungeon Crawl Stone Soup version 0.22.1-2-g9c5b331 (webtiles) character file.

843 dvd the Chucker (level 8, -2/79 HPs)
             Began as an Ogre Hunter on Nov 15, 2018.
             Was an Initiate of Okawaru.
             Slain by a centaur (7 damage)
             ... on level 6 of the Dungeon.
             The game lasted 00:09:55 (4837 turns).

dvd the Chucker (Ogre Hunter)                       Turns: 4837, Time: 00:09:56

Health: -2/79      AC:  4    Str: 17    XL:     8   Next: 0%
Magic:  8/8        EV: 12    Int: 15    God:    Okawaru [......]
Gold:   203        SH:  0    Dex: 20    Spells: 7/7 levels left

rFire    . . .     SeeInvis .   e - +4 mace "Lomos" {crush, *Drain rElec Int+3 Dex+5}
rCold    . . .     Gourm    .   (no shield)
rNeg     . . .     Faith    .   z - +0 robe (curse)
rPois    .         Spirit   .   (helmet restricted)
rElec    +         Reflect  .   u - +0 cloak
rCorr    .         Harm     .   (gloves unavailable)
MR       .....                  (boots unavailable)
Stlth    ++........             (no amulet)
HPRegen  0.23/turn              x - +4 ring of dexterity
MPRegen  0.11/turn              (no ring)

@: no status effects
A: large, unfitting armour, tough skin 1
a: Renounce Religion


You were on level 6 of the Dungeon.
You worshipped Okawaru.
Okawaru was noncommittal.
You were near starving.

You visited 2 branches of the dungeon, and saw 7 of its levels.

You collected 203 gold pieces.

Inventory:

Hand Weapons
 a - a +0 short sword
 e - the +4 mace "Lomos" (weapon) {crush, *Drain rElec Int+3 Dex+5}
   (You found it on level 5 of the Dungeon)

   It inflicts extra damage upon your enemies.
   It affects your intelligence (+3).
   It affects your dexterity (+5).
   It insulates you from electricity.
   It causes draining when unequipped.
 h - a +0 flail
 m - a +4 quarterstaff of chaos
 q - a +0 halberd
 B - a +0 war axe
Missiles
 d - a throwing net (quivered)
Armour
 b - a +0 robe
 l - a scarf of cloud immunity
 u - a +0 cloak (worn)
 z - a cursed +0 robe (worn)
Jewellery
 x - a +4 ring of dexterity (left hand)
Wands
 s - a wand of iceblast (8)
 D - a wand of paralysis (8)
Scrolls
 g - a scroll of remove curse
 j - 4 scrolls of teleportation
 r - 5 scrolls of identify
 y - a scroll of enchant armour {unknown}
Potions
 i - a potion of resistance {unknown}
 k - 3 potions of lignification {unknown}
 n - a potion of ambrosia
 o - a potion of flight {unknown}
 p - a potion of heal wounds {unknown}
 t - a potion of berserk rage {unknown}
 v - a potion of agility {unknown}
 w - 2 potions of brilliance {unknown}
 E - a potion of curing {unknown}
Comestibles
 f - 11 rations


   Skills:
 + Level 4.9 Fighting
 + Level 1.7(3.0) Maces & Flails
 + Level 4.2(4.4) Staves
 + Level 6.4 Throwing
 + Level 3.4 Dodging
 + Level 1.6 Stealth


You had 7 spell levels left.
You didn't know any spells.
Your spell library was empty.

Dungeon Overview and Level Annotations

Branches:
Dungeon (6/15)             Temple (1/1) D:5

Altars:
Ashenzari
Cheibriados
Dithmenos
Elyvilon
Fedhas
Gozag
Hepliaklqana
Kikubaaqudgha
Makhleb
Nemelex Xobeh
Okawaru
Qazlal
Ru
Sif Muna
Trog
Uskayaw
Vehumet
Wu Jian
Xom
Yredelemnul
Zin


Innate Abilities, Weirdness & Mutations

You are too large for most types of armour.
You have tough skin. (AC +1)


Message History

The arrow hits you. The orc priest misses you.
You hit the orc priest.
You kill the orc priest!
Okawaru accepts your kill.
You have reached level 8!
The centaur shoots an arrow.
The arrow completely misses you.
The centaur shoots an arrow.
The arrow closely misses you.
You see here an arrow.
The centaur shoots an arrow.
The arrow hits you!
* * * LOW HITPOINT WARNING * * *
The centaur shoots an arrow.
The arrow hits you!
* * * LOW HITPOINT WARNING * * *
You see here an arrow.
The centaur unwields an uncursed shortbow.
The centaur hits you!
* * * LOW HITPOINT WARNING * * *
You hit the centaur.
The centaur is moderately wounded.
The centaur hits you!
You die...

## .# #...# .. #.#.#
.##.. ###.#.##.##.#.
........##.#. . .#....
... #.# #..#c# #.# ....
#..#@# ##.####.....
#..##.(#(# #...........
.......[((###.)<<.##....
....!.(.#.........# .
...####.#####.....# ##
#.# #.....# #># #######
#.# ..#


You could see a centaur.

Vanquished Creatures
  3 ogres (D:4)
  A scorpion (D:5)
  A howler monkey (D:5)
  A jelly (D:6)
  A hound (D:4)
  Crazy Yiuf (D:2)
  3 orc priests
  2 orc wizards (D:4)
  A centaur skeleton (D:5)
  A worker ant (D:4)
  2 hound skeletons
  4 gnolls
  6 adders
  2 worms
  2 dart slugs
  3 leopard geckos (D:3)
  15 orcs
  A ball python (D:1)
  3 bats
  4 giant cockroaches
  8 goblins
  7 hobgoblins
  5 jackals
  4 kobolds
  5 quokkas
  8 frilled lizards
  A leopard gecko skeleton (D:5)
  A quokka skeleton (D:4)
  A rat (shapeshifter) (D:5)
  7 rats
104 creatures vanquished.

Notes
Turn   | Place    | Note
-------+----------+-------------------------------------------
     0 | D:1      | dvd the Ogre Hunter began the quest for the Orb.
     0 | D:1      | Reached XP level 1. HP: 22/22 MP: 1/1
   170 | D:1      | Reached XP level 2. HP: 29/29 MP: 2/2
   644 | D:2      | Reached XP level 3. HP: 36/36 MP: 3/3
   867 | D:2      | Reached skill level 5 in Throwing
  1327 | D:2      | Reached XP level 4. HP: 32/44 MP: 4/4
  1873 | D:2      | Found a runed door.
  1877 | D:2      | Noticed Crazy Yiuf
  1879 | D:2      | Killed Crazy Yiuf
  1879 | D:2      | Reached XP level 5. HP: 53/53 MP: 5/5
  2103 | D:3      | Reached skill level 1 in Maces & Flails
  2816 | D:4      | Noticed an ogre
  2825 | D:4      | Reached skill level 1 in Staves
  2829 | D:4      | Reached XP level 6. HP: 56/62 MP: 6/6
  2832 | D:4      | Reached skill level 1 in Stealth
  2982 | D:4      | Reached skill level 6 in Throwing
  3129 | D:4      | Reached XP level 7. HP: 63/70 MP: 7/7
  3701 | D:5      | Entered Level 5 of the Dungeon
  3773 | D:5      | Got a transparent mace
  3774 | D:5      | Identified the +4 mace "Lomos" {crush, *Drain rElec Int+3
                  | Dex+5} (You found it on level 5 of the Dungeon)
  4130 | D:5      | Found a staircase to the Ecumenical Temple.
  4139 | Temple   | Entered the Ecumenical Temple
  4208 | Temple   | Became a worshipper of Warmaster Okawaru
  4833 | D:6      | Reached XP level 8. HP: 31/79 MP: 8/8
  4837 | D:6      | Slain by a centaur

Skill      XL: |  1  2  3  4  5  6  7 |
---------------+----------------------+-----
Throwing       | 5 6 |  6.4
Dodging        | 2 3 |  3.4
Fighting       | 3 4 |  4.9
Maces & Flails | 1 |  1.7
Staves         | 1 3 4 |  4.2
Stealth        | 1 |  1.6

Action                   |  1- 3 |  4- 6 |  7- 9 || total
-------------------------+-------+-------+-------++-------
Melee: Short sword       |     3 |       |       ||     3
       Flail             |    39 |    19 |       ||    58
       Quarterstaff      |       |    94 |    35 ||   129
       Mace              |       |       |    40 ||    40
Throw: Large rock        |    26 |    33 |    15 ||    74
       Throwing net      |     2 |       |     4 ||     6
  Use: Scroll            |       |       |     8 ||     8
 Stab: Sleeping          |       |     1 |     1 ||     2
       Held in net/web   |       |       |     1 ||     1
  Eat: Chunk             |     1 |     6 |     4 ||    11
Armor: Robe              |    22 |    33 |    30 ||    85
Dodge: Dodged            |    34 |    55 |    67 ||   156
